← All builds
Suicide front / Cortex / Economy first / OBSERVED BUILD

Standard suicide front

Cortex Suicide front build order · Supreme Isthmus

The role's baseline: bot lab first, economy expands through the first minutes, and Thugs with Aggravators and Grunts carry the fight to the middle as T2 approaches.

#eco #defence · 463 distinct matches · 86 players · 71% of Cortex Suicide front games · team won 52% of 479 · Recently observed

HOW TO PLAY IT

Key timing: Bot Lab by 0:34

  1. Take 3 mex, then rush a Bot Lab immediately for early army.
  2. Finish Bot Lab, start pumping Thug, Grunt and Aggravator.
  3. Push units to middle to contest and secure reclaim early.
  4. Add Advanced Metal Extractor to keep economy scaling with the fight.
  5. Hold middle with bots until T2 reinforcements arrive from Geo.

Phase by phase

TYPICAL OF ITS 463 GAMES
  1. 1
  2. 2
  3. 3
PLAY THE OPENING

Follow the example game's first 6:00 step by step: what to build now, what comes next, and where it goes. At 1× it keeps pace with your own game.

  1. 1

    Up to the Bot Lab

    Economy
    • Metal Extractor1Mex
    Order
    1. Bot LabBot Lab after 2 mexdone ~0:35, middle half 0:27–0:45

    By 0:19 in all: 1 mex

    The example game in this phase · 4 steps
    1. Mex
    2. GuardGuard
    3. Mex
    4. Bot LabBot Labdone 0:46 · typical 0:35
  2. 2

    Bot Lab to 5:00

    Economy
    • Metal Extractor4Mex
    • Wind Turbine3Wind
    Builders
    • Graverobber4 Graverobber
    • Construction Bot3 Con bot
    Army
    • Guard3 Guard
    • Thug15 Thug
    • Grunt3 Grunt
    Other
    • Radar Tower1 Radar Tower

    Some games also: aggravator (47%)

    By 5:00 in all: 5 mex · 3 wind

    The example game in this phase · 32 steps
    1. GruntGrunt ×2
    2. GraverobberGraverobber
    3. GruntGrunt ×3
    4. GraverobberGraverobber
    5. Construction BotCon bot ×2
    6. ThugThug ×2
    7. Mex
    8. ThugThug ×2
    9. Mex
    10. ThugThug
    11. GraverobberGraverobber
    12. ThugThug ×2
    13. Radar TowerRadar Tower
    14. Wind
    15. ThugThug ×3
    16. GraverobberGraverobber
    17. Wind
    18. Mex
    19. ThugThug
    20. AggravatorAggravator ×2
    21. Twin GuardTwin Guard
    22. Wind
    23. AggravatorAggravator ×2
    24. Wind
    25. AggravatorAggravator
    26. GraverobberGraverobber
    27. AggravatorAggravator
    28. RocketeerRocketeer
    29. Wind
    30. AggravatorAggravator ×3
    31. Radar TowerRadar Tower
    32. Wind
  3. 3

    5:00 to 10:00

    Economy
    • Metal Extractor1Mex
    • Wind Turbine13Wind
    Builders
    • Construction Turret2 Con turret
    • Graverobber3 Graverobber
    • Construction Bot1 Con bot
    Army
    • Guard1 Guard
    • Thug7 Thug
    • Grunt3 Grunt

    Some games also: energy storage (48%) · aggravator (47%) · Radar Tower (41%) · Twin Guard (31%)

    By 10:00 in all: 6 mex · 18 wind · 1 energy storage · 2 con turret

    The example game in this phase · 68 steps
    1. AggravatorAggravator
    2. Mex
    3. GraverobberGraverobber
    4. Wind
    5. GuardGuard
    6. AggravatorAggravator
    7. GuardGuard
    8. Wind
    9. AggravatorAggravator
    10. GuardGuard
    11. Wind
    12. AggravatorAggravator
    13. GuardGuard
    14. Construction BotCon bot
    15. Wind
    16. Construction BotCon bot
    17. Wind
    18. GuardGuard
    19. Construction BotCon bot
    20. GuardGuard
    21. Wind
    22. AggravatorAggravator
    23. Mex
    24. Twin GuardTwin Guard
    25. Mex ×2
    26. Wind ×2
    27. AggravatorAggravator ×2
    28. Wind
    29. Mex
    30. GraverobberGraverobber
    31. Wind ×2
    32. Mex
    33. Wind
    34. AggravatorAggravator
    35. Radar TowerRadar Tower
    36. Mex
    37. AggravatorAggravator
    38. BlitzBlitz
    39. AggravatorAggravator
    40. GuardGuard
    41. BlitzBlitz
    42. AggravatorAggravator
    43. GuardGuard
    44. AggravatorAggravator
    45. GuardGuard
    46. Mex
    47. GraverobberGraverobber
    48. Wind
    49. Dragon's TeethDragon's Teeth ×2
    50. GruntGrunt
    51. Dragon's TeethDragon's Teeth ×2
    52. Wind
    53. Dragon's TeethDragon's Teeth ×3
    54. Wind
    55. GuardGuard
    56. Wind
    57. Dragon's TeethDragon's Teeth ×2
    58. Wind
    59. Advanced Metal ExtractorT2 mexdone 11:38 · typical 9:48
    60. Wind ×4
    61. Mex
    62. Wind ×2
    63. GruntGrunt ×2
    64. Wind
    65. GruntGrunt
    66. Wind ×2
    67. Mex
    68. Wind ×2

Counts are medians over the build's games: half of them build more, half fewer. The example game is Espera's (38 OS, 04/10/2026); pick another.

Team trades

IN AT LEAST 30% OF ITS GAMES

You hand over

Nothing regular.

You get

  • Tidal Generator4 Tidal from Pondfirst at 0:11 · in 68% of games
  • Advanced Construction Bot1 T2 con bot from Geo or Techfirst at 7:37 · in 57% of games

How it plays out

Typical game of this build, running totals by minute

Metal produced

010k20k
0:005:0010:0015:00

metal

Enemy metal destroyed

05k10k
0:005:0010:0015:00

metal

Own metal lost

05k10k15k
0:005:0010:0015:00

metal

479 games.

Show as table
ByMetal produced: This buildEnemy metal destroyed: This buildOwn metal lost: This build
1:0030600
2:0096100
3:002070198136
4:003166713636
5:00432716651433
6:00554925922423
7:00674036083530
8:00793645654498
9:00922052315472
10:001045359866283
11:001201365467131
12:001356170087959
13:001521776788729
14:001699484199402
15:0018452903810162
WHAT THE NUMBERS SAY

This is the role's baseline aggressive job, winning half its games while both dealing and taking heavy metal losses fighting at middle.

  • + Fastest Bot Lab of any role (0:34), gets units fighting almost immediately.
  • + Destroys 8805 enemy metal by 15:00 through constant middle pressure.
  • − Loses 10461 own metal by 15:00, more than it destroys.
  • − Metal production lags behind other front role at 18297 by 15:00.
THE EXAMPLE YOU ARE READING

Espera

37.9 OS · 04/10/2026

Open source match ↗

5 received units · includes a constructor
274 metal received · 9011 energy received

Allied construction assistance is unknown. Timings are observations, not a promise of solo reproducibility.

Typical milestones

Bot Lab0:35Middle 50%: 0:27–0:45 · n=475
Advanced Metal Extractor9:48Middle 50%: 8:50–10:58 · n=310

Played most by

_X_64games of this build_Hawkey_52games of this buildXXMACGAMERXX33games of this buildImmort30games of this buildGuiTou25games of this build